 Dungeon Crawl Stone Soup version 0.19.0-11-g3fc08b3 (webtiles) character file.

50 mopl the Scratcher (level 3, -9/17 HPs)
             Began as a Felid Abyssal Knight on Nov 8, 2016.
             Was a Believer of Lugonu.
             Mangled by a kobold
             ... wielding a +0 whip of electrocution
              (20 damage)
             ... on level 2 of the Dungeon.
             The game lasted 00:02:39 (1838 turns).

mopl the Scratcher (Felid Abyssal Knight)           Turns: 1838, Time: 00:02:40

Health: -9/17      AC:  1    Str:  8    XL:     3   Next: 55%
Magic:  5/5        EV: 17    Int: 13    God:    Lugonu [**....]
Gold:   61         SH:  0    Dex: 16    Spells: 0 memorised, 2 levels left
                                        Lives:  0   Deaths: 0

rFire  . . .     SeeInvis +       - Unarmed
rCold  . . .     Gourm    .     (armour unavailable)
rNeg   . . .     Faith    .     (shield unavailable)
rPois  .         Spirit   .     (helmet unavailable)
rElec  .         Reflect  .     (cloak unavailable)
rCorr  .         Harm     .     (gloves unavailable)
MR     .....                    (boots unavailable)
Stlth  +.........               (no amulet)
                                (no ring)
                                b - ring of loudness (curse)

@: heavily drained, quick
A: no armour, no weapons or thrown items, stealth, claws 1, fangs 3, see
invisible, carnivore 3, speed 1, shaggy fur 1, slow metabolism 1, sharp paws
a: Depart the Abyss, Bend Space, Renounce Religion


You were on level 2 of the Dungeon.
You worshipped Lugonu.
Lugonu was pleased with you.
You were completely stuffed.

You visited 1 branch of the dungeon, and saw 2 of its levels.
You visited the Abyss 1 time.

You collected 61 gold pieces.

Inventory:

Jewellery
 b - a cursed ring of loudness (left paw)
Scrolls
 d - a scroll of teleportation {unknown}
 e - a scroll of identify {unknown}
 g - a scroll of enchant armour {unknown}
 h - a scroll of magic mapping {unknown}
Potions
 f - a potion of lignification {unknown}
 i - a potion of heal wounds {unknown}
Comestibles
 a - a meat ration
 c - 4 chunks of flesh


   Skills:
 - Level 3.0(1.7) Fighting
 - Level 3.2(1.9) Dodging
 + Level 0.0 Stealth
 * Level 3.6(2.3) Unarmed Combat
 + Level 2.3(1.1) Invocations


You had 2 spell levels left.
You didn't know any spells.

Dungeon Overview and Level Annotations

Branches:
Dungeon (2/15)

Altars:


Innate Abilities, Weirdness & Mutations

You cannot wear armour.
You are incapable of wielding weapons or throwing items.
Your paws allow you to move quietly. (Stealth)
You have sharp claws.
You have razor-sharp teeth.
You have supernaturally acute eyesight. (SInv)
You are carnivorous and can eat meat at any time.
You cover ground quickly.
You are covered in fur. (AC +1)
You have a slow metabolism.
Your sharp claws are effective at attacking unaware monsters.


Message History

No target in view!
No target in view!
No target in view!
No target in view!
No target in view!
No target in view!
No target in view!
No target in view!
No target in view!
You see here a bat corpse.
You butcher the bat corpse.
c - 4 chunks of flesh (gained 1)
A kobold comes into view. It is wielding a whip of electrocution.
The kobold shouts!
You scratch the kobold.
The kobold is severely wounded.
The kobold hits you with a whip of electrocution.
You are electrocuted!
Ouch! That really hurt!
You die...

#.......#
#.......#
####.......####
#.............#
#...######....#
#...# #....#
#...# #....#
#...# #....#
#..@#
#....######
#..K#
#...>#....#
#...#
###....#....#
+...+
........'....'
#...#
.###....#....#
#...#
#....#....#
#####
#....#....#
########....#
............#


You could see a kobold.

Vanquished Creatures
  An ooze (D:1)
  3 dart slugs (D:1)
  5 bats
  7 goblins (D:1)
  6 hobgoblins (D:1)
  3 jackals (D:1)
  2 frilled lizards (D:1)
  5 kobolds
  4 rats
36 creatures vanquished.

Notes
Turn   | Place    | Note
-------+----------+-------------------------------------------
     0 | Abyss:1  | mopl the Felid Abyssal Knight began the quest for the Orb.
     0 | Abyss:1  | Reached XP level 1. HP: 10/10 MP: 3/3
    70 | D:1      | Escaped the Abyss
   120 | D:1      | Reached skill level 2 in Invocations
   285 | D:1      | Reached XP level 2. HP: 3/14 MP: 4/4
   750 | D:1      | Reached skill level 3 in Unarmed Combat
  1179 | D:1      | Reached XP level 3. HP: 11/17 MP: 5/5
  1311 | D:1      | Reached ** piety under Lugonu
  1838 | D:2      | Mangled by a kobold

Skill      XL: |  1  2 |
---------------+-------+-----
Invocations    | 2 |  2.3
Unarmed Combat | 3 |  3.6
Fighting       | |  3.0
Dodging        | |  3.2

Action                   || total
-------------------------++-------
Melee: Unarmed           ||   121
       Bite              ||     8
       Punch             ||     2
  Eat: Chunk             ||     9
Armor: Skin              ||    12
Dodge: Dodged            ||   101
